TOP OF THE 1ST |
Fresno HS Red Wings batting - Pitching for Masconomet HS Chieftans : RHP Chad Adams
|
Pitching: RHP Chad Adams
|
|
Batting: RHB Adrián Velásquez
|
0-0: Reached on error, E4 (Groundball, 4)
|
Batting: RHB Harry Payne
|
0-0: Called Strike 0-1: Ball Adrián Velásquez is caught stealing 2nd base 1-1: Swinging Strike 1-2: Strikes out swinging
|
Batting: RHB Thomas English
|
0-0: Called Strike 0-1: Foul Ball, location: 2F 0-2: Foul Ball, location: 2F 0-2: Fly out, F9 (Flyball, 9D)
|
Top of the 1st over - 0 run(s), 0 hit(s), 1 error(s), 0 left on base; Fresno HS 0 - Masconomet HS 0 |
BOTTOM OF THE 1ST |
Masconomet HS Chieftans batting - Pitching for Fresno HS Red Wings : RHP Lou Dyer
|
Pitching: RHP Lou Dyer
|
|
Batting: RHB Kenny Canady
|
0-0: Ground out 6-3 (Groundball, 56)
|
Batting: RHB Pat Greene
|
0-0: Foul Ball, location: 2F 0-1: Called Strike 0-2: Strikes out looking
|
Batting: RHB Alec Bowers
|
0-0: Ball 1-0: Called Strike 1-1: Ball 2-1: Ball 3-1: SOLO HOME RUN (Flyball, 89XD), Distance : 440 ft
|
Batting: RHB Josh Martin
|
0-0: Called Strike 0-1: Foul Ball, location: 2F 0-2: Foul Ball, location: 2F 0-2: Ball 1-2: Fly out, F8 (Flyball, 8LM)
|
Bottom of the 1st over - 1 run(s), 1 hit(s), 0 error(s), 0 left on base; Fresno HS 0 - Masconomet HS 1 |
TOP OF THE 2ND |
Fresno HS Red Wings batting - Pitching for Masconomet HS Chieftans : RHP Chad Adams
|
Batting: SHB Xavier Stout
|
0-0: Ball 1-0: Called Strike 1-1: Ball 2-1: Ball 3-1: Called Strike 3-2: Fly out, F8 (Flyball, 8RM)
|
Batting: RHB Bob Howard
|
0-0: Called Strike 0-1: Ball 1-1: Ball 2-1: Ground out 4-3 (Groundball, 4S)
|
Batting: RHB Roberto Santos
|
0-0: Ball 1-0: Ball 2-0: Swinging Strike 2-1: Swinging Strike 2-2: Foul Ball, location: 2F 2-2: Ball 3-2: Strikes out swinging
|
Top of the 2nd over - 0 run(s), 0 hit(s), 0 error(s), 0 left on base; Fresno HS 0 - Masconomet HS 1 |
BOTTOM OF THE 2ND |
Masconomet HS Chieftans batting - Pitching for Fresno HS Red Wings : RHP Lou Dyer
|
Batting: RHB Bill Salinas
|
0-0: Ball 1-0: SINGLE (Line Drive, 8LS)
|
Batting: RHB Rob Palmer
|
0-0: Foul Ball, location: 2F 0-1: Swinging Strike 0-2: Grounds into double play, 4-6-3 (Groundball, 4)
|
Batting: RHB Burt Scott
|
0-0: Ball 1-0: Called Strike 1-1: Ball 2-1: Ball 3-1: Base on Balls
|
Batting: RHB Jack Bowman
|
0-0: Ball 1-0: Foul Ball, location: 2F Pickoff Throw to First - Out!
|
Bottom of the 2nd over - 0 run(s), 1 hit(s), 0 error(s), 0 left on base; Fresno HS 0 - Masconomet HS 1 |
TOP OF THE 3RD |
Fresno HS Red Wings batting - Pitching for Masconomet HS Chieftans : RHP Chad Adams
|
Batting: RHB Luis Mata
|
0-0: Ball 1-0: Swinging Strike 1-1: Ball 2-1: Foul Ball, location: 2F 2-2: Strikes out swinging
|
Batting: RHB Harvey Willis
|
0-0: Foul Ball, location: 2F 0-1: Foul Ball, location: 2F 0-2: Ball 1-2: Ball 2-2: Strikes out swinging
|
Batting: RHB Drew Rice
|
0-0: Ball 1-0: Ball 2-0: Ball 3-0: Called Strike 3-1: Called Strike 3-2: DOUBLE (Line Drive, 78M)
|
Batting: RHB Adrián Velásquez
|
0-0: Called Strike 0-1: Ball 1-1: Foul Ball, location: 2F 1-2: Ball 2-2: Ball 3-2: Base on Balls
|
Batting: RHB Harry Payne
|
0-0: Foul Ball, location: 2F 0-1: Ball 1-1: Foul Ball, location: 2F 1-2: SINGLE (Flyball, 3D) Drew Rice to third Adrián Velásquez to second Runner from 3rd tries for Home, SAFE, throw made home
|
Batting: RHB Thomas English
|
0-0: Foul Ball, location: 2F 0-1: DOUBLE (Line Drive, 8RD) Adrián Velásquez scores Harry Payne to third
|
Batting: SHB Xavier Stout
|
0-0: Called Strike 0-1: Ball 1-1: Foul Ball, location: 2F 1-2: Foul Ball, location: 2F 1-2: Ball 2-2: Foul Ball, location: 2F 2-2: Ball 3-2: Strikes out looking
|
Top of the 3rd over - 2 run(s), 3 hit(s), 0 error(s), 2 left on base; Fresno HS 2 - Masconomet HS 1 |
BOTTOM OF THE 3RD |
Masconomet HS Chieftans batting - Pitching for Fresno HS Red Wings : RHP Lou Dyer
|
Batting: RHB Jack Bowman
|
0-0: Swinging Strike 0-1: Ball 1-1: Foul Ball, location: 2F 1-2: Ball 2-2: Foul Ball, location: 2F 2-2: Strikes out swinging
|
Batting: RHB Lee Justice
|
0-0: Called Strike 0-1: Called Strike 0-2: Strikes out swinging
|
Batting: RHB Kenny Canady
|
0-0: Fly out, F8 (Flyball, 8LM)
|
Bottom of the 3rd over - 0 run(s), 0 hit(s), 0 error(s), 0 left on base; Fresno HS 2 - Masconomet HS 1 |
TOP OF THE 4TH |
Fresno HS Red Wings batting - Pitching for Masconomet HS Chieftans : RHP Chad Adams
|
Batting: RHB Bob Howard
|
0-0: Ball 1-0: SINGLE (Line Drive, 8LS)
|
Batting: RHB Roberto Santos
|
0-0: Foul Ball, location: 2F 0-1: Swinging Strike 0-2: Strikes out swinging
|
Batting: RHB Luis Mata
|
0-0: Called Strike 0-1: Ground out 4-3 (Groundball, 4S) Bob Howard to second
|
Batting: RHB Harvey Willis
|
0-0: Ground out 5-3 (Groundball, 56)
|
Top of the 4th over - 0 run(s), 1 hit(s), 0 error(s), 1 left on base; Fresno HS 2 - Masconomet HS 1 |
BOTTOM OF THE 4TH |
Masconomet HS Chieftans batting - Pitching for Fresno HS Red Wings : RHP Lou Dyer
|
Batting: RHB Pat Greene
|
0-0: Called Strike 0-1: Ball 1-1: Called Strike 1-2: Ball 2-2: Strikes out swinging
|
Batting: RHB Alec Bowers
|
0-0: Foul Ball, location: 2F 0-1: Swinging Strike 0-2: Hit by Pitch
|
Batting: RHB Josh Martin
|
0-0: Ball 1-0: Ball 2-0: Called Strike 2-1: Ball 3-1: Base on Balls Alec Bowers to second
|
Batting: RHB Bill Salinas
|
0-0: Foul Ball, location: 2F 0-1: Ball 1-1: Foul Ball, location: 2F 1-2: Strikes out swinging
|
Batting: RHB Rob Palmer
|
0-0: Swinging Strike 0-1: Swinging Strike 0-2: Ball 1-2: Foul Ball, location: 2F 1-2: Ball 2-2: Foul Ball, location: 2F 2-2: Fly out, F7 (Line Drive, 78M)
|
Bottom of the 4th over - 0 run(s), 0 hit(s), 0 error(s), 2 left on base; Fresno HS 2 - Masconomet HS 1 |
TOP OF THE 5TH |
Fresno HS Red Wings batting - Pitching for Masconomet HS Chieftans : RHP Chad Adams
|
Batting: RHB Drew Rice
|
0-0: Ball 1-0: Called Strike 1-1: Called Strike 1-2: Ball 2-2: Strikes out looking
|
Batting: RHB Adrián Velásquez
|
0-0: Called Strike 0-1: Foul Ball, location: 2F 0-2: Ball 1-2: Ball 2-2: Fly out, F3 (Popup, 3L)
|
Batting: RHB Harry Payne
|
0-0: Called Strike 0-1: Ball 1-1: Ball 2-1: Called Strike 2-2: Ball 3-2: Strikes out looking
|
Top of the 5th over - 0 run(s), 0 hit(s), 0 error(s), 0 left on base; Fresno HS 2 - Masconomet HS 1 |
BOTTOM OF THE 5TH |
Masconomet HS Chieftans batting - Pitching for Fresno HS Red Wings : RHP Lou Dyer
|
Batting: RHB Burt Scott
|
0-0: Ball 1-0: Ball 2-0: Called Strike 2-1: Foul Ball, location: 2F 2-2: Foul Ball, location: 2F 2-2: DOUBLE (Flyball, 8RM)
|
Batting: RHB Jack Bowman
|
0-0: Swinging Strike 0-1: Foul Ball, location: 2F 0-2: SINGLE (Flyball, 9LS) Burt Scott to third Runner from 3rd tries for Home, SAFE, throw made home
|
Batting: RHB Lee Justice
|
0-0: Ball 1-0: Called Strike 1-1: Called Strike 1-2: Strikes out looking
|
Batting: RHB Kenny Canady
|
0-0: Called Strike 0-1: Ball 1-1: Ball 2-1: Ball 3-1: Called Strike 3-2: Strikes out swinging
|
Batting: RHB Pat Greene
|
0-0: Ball 1-0: Swinging Strike 1-1: Ball 2-1: Ball 3-1: Base on Balls Jack Bowman to second
|
Pitching: LHP Curt Nichols
|
|
Batting: RHB Alec Bowers
|
0-0: Ball 1-0: Ball 2-0: Called Strike 2-1: Ball 3-1: Swinging Strike 3-2: SINGLE (Groundball, 5D) Jack Bowman to third Pat Greene to second Jack Bowman scores Pat Greene to third
|
Batting: RHB Josh Martin
|
0-0: Swinging Strike 0-1: Swinging Strike 0-2: Foul Ball, location: 2F 0-2: Fly out, F8 (Flyball, 89M)
|
Bottom of the 5th over - 2 run(s), 3 hit(s), 0 error(s), 2 left on base; Fresno HS 2 - Masconomet HS 3 |
TOP OF THE 6TH |
Fresno HS Red Wings batting - Pitching for Masconomet HS Chieftans : RHP Chad Adams
|
Pitching: RHP Pat Flores
|
|
Batting: RHB Thomas English
|
0-0: Ball 1-0: Ball 2-0: Foul Ball, location: 2F 2-1: Foul Ball, location: 2F 2-2: Ball 3-2: SINGLE (Flyball, 6MD)
|
Batting: SHB Xavier Stout
|
0-0: Swinging Strike 0-1: Fly out, F7 (Flyball, 7LSF)
|
Batting: RHB Bob Howard
|
0-0: Ball 1-0: Called Strike 1-1: Called Strike 1-2: Strikes out swinging
|
Batting: RHB Roberto Santos
|
0-0: Called Strike 0-1: Ball 1-1: Swinging Strike 1-2: Strikes out swinging
|
Top of the 6th over - 0 run(s), 1 hit(s), 0 error(s), 1 left on base; Fresno HS 2 - Masconomet HS 3 |
BOTTOM OF THE 6TH |
Masconomet HS Chieftans batting - Pitching for Fresno HS Red Wings : LHP Curt Nichols
|
Batting: RHB Bill Salinas
|
0-0: Called Strike 0-1: Called Strike 0-2: Ball 1-2: Ball 2-2: Ball 3-2: Base on Balls
|
Batting: RHB Rob Palmer
|
0-0: Ball 1-0: Ball 2-0: Ball 3-0: Base on Balls Bill Salinas to second
|
Batting: RHB Burt Scott
|
0-0: Foul Ball, location: 2F 0-1: Ball 1-1: Called Strike 1-2: Ground out 5-3 (Groundball, 56) Bill Salinas to third Rob Palmer to second
|
Batting: RHB Jack Bowman
|
0-0: SINGLE (Flyball, 9LM) Bill Salinas scores Rob Palmer to third Runner from 3rd tries for Home, SAFE, no throw
|
Batting: RHB Lee Justice
|
0-0: Ball 1-0: Ball 2-0: SINGLE (Groundball, 6M) (infield hit) Jack Bowman to second
|
Batting: RHB Kenny Canady
|
0-0: Foul Ball, location: 2F 0-1: Foul Ball, location: 2F 0-2: Foul Ball, location: 2F 0-2: Ball 1-2: Foul Ball, location: 2F 1-2: Foul Ball, location: 2F 1-2: Fly out, F4 (Popup, 4)
|
Batting: RHB Pat Greene
|
0-0: Ground out 5-3 (Groundball, 56S)
|
Bottom of the 6th over - 2 run(s), 2 hit(s), 0 error(s), 2 left on base; Fresno HS 2 - Masconomet HS 5 |
TOP OF THE 7TH |
Fresno HS Red Wings batting - Pitching for Masconomet HS Chieftans : RHP Pat Flores
|
Batting: RHB Luis Mata
|
0-0: Ball 1-0: Ball 2-0: Ball 3-0: Called Strike 3-1: Swinging Strike 3-2: SINGLE (Groundball, 6) (infield hit)
|
Batting: RHB Harvey Willis
|
0-0: Foul Ball, location: 2F 0-1: Grounds into double play, 6-4-3 (Groundball, 6)
|
Batting: RHB Drew Rice
|
0-0: Swinging Strike 0-1: Ball 1-1: Ball 2-1: Ball 3-1: Base on Balls
|
Batting: RHB Adrián Velásquez
|
0-0: Foul Ball, location: 2F 0-1: Called Strike 0-2: Strikes out swinging
|
Top of the 7th over - 0 run(s), 1 hit(s), 0 error(s), 1 left on base; Fresno HS 2 - Masconomet HS 5 |
BOTTOM OF THE 7TH |
Masconomet HS Chieftans batting - Pitching for Fresno HS Red Wings : LHP Curt Nichols
|
Batting: RHB Alec Bowers
|
0-0: Called Strike 0-1: SOLO HOME RUN (Flyball, 78XD), Distance : 440 ft
|
Pitching: RHP Robert Morrison
|
|
Batting: RHB Josh Martin
|
0-0: Ball 1-0: Ball 2-0: SINGLE (Groundball, 4MS) (infield hit)
|
Batting: RHB Bill Salinas
|
0-0: Ball 1-0: Ball Josh Martin steals 2nd base 2-0: Foul Ball, location: 2F 2-1: Swinging Strike 2-2: Foul Ball, location: 2F 2-2: Foul Ball, location: 2F 2-2: SINGLE (Groundball, 4MD) Josh Martin to third
|
Batting: RHB Rob Palmer
|
0-0: Fly out, F2 (Popup, 15)
|
Batting: RHB Burt Scott
|
0-0: Swinging Strike 0-1: Ball 1-1: Swinging Strike 1-2: Strikes out swinging
|
Batting: RHB Jack Bowman
|
0-0: Called Strike 0-1: Reached on error, E5 (Groundball, 56) Josh Martin scores Bill Salinas to second
|
Batting: RHB Lee Justice
|
0-0: Foul Ball, location: 2F 0-1: Foul Ball, location: 2F 0-2: Strikes out swinging
|
Bottom of the 7th over - 2 run(s), 3 hit(s), 1 error(s), 2 left on base; Fresno HS 2 - Masconomet HS 7 |
TOP OF THE 8TH |
Fresno HS Red Wings batting - Pitching for Masconomet HS Chieftans : RHP Pat Flores
|
Batting: RHB Harry Payne
|
0-0: Ball 1-0: Called Strike 1-1: Ball 2-1: Reached on error, E8 (Line Drive, 8LD)
|
Batting: RHB Thomas English
|
0-0: Ball 1-0: Ball 2-0: Called Strike 2-1: Ball 3-1: Base on Balls
|
Batting: SHB Xavier Stout
|
0-0: Foul Ball, location: 2F 0-1: Grounds into double play, 4-6-3 (Groundball, 4) Harry Payne to third
|
Batting: RHB Bob Howard
|
0-0: Ball 1-0: Foul Ball, location: 2F 1-1: Hit by Pitch
|
Pitching: RHP Todd Scott
|
|
Batting: RHB Roberto Santos
|
0-0: Ball 1-0: Ball 2-0: Ball 3-0: Base on Balls Bob Howard to second
|
Batting: RHB Luis Mata
|
0-0: Foul Ball, location: 2F 0-1: Foul Ball, location: 2F 0-2: Strikes out swinging
|
Top of the 8th over - 0 run(s), 0 hit(s), 1 error(s), 3 left on base; Fresno HS 2 - Masconomet HS 7 |
BOTTOM OF THE 8TH |
Masconomet HS Chieftans batting - Pitching for Fresno HS Red Wings : RHP Robert Morrison
|
Batting: RHB Kenny Canady
|
0-0: Called Strike 0-1: Ball 1-1: Ball 2-1: Foul Ball, location: 2F 2-2: Ball 3-2: TRIPLE (Flyball, 89M)
|
Batting: RHB Pat Greene
|
0-0: Ball 1-0: SINGLE (Groundball, 56D) Kenny Canady scores
|
Batting: RHB Alec Bowers
|
0-0: Ball 1-0: Ball 2-0: Ball 3-0: Base on Balls Pat Greene to second
|
Batting: RHB Josh Martin
|
0-0: Called Strike 0-1: Ball 1-1: Ball 2-1: Ball 3-1: Base on Balls Pat Greene to third Alec Bowers to second
|
Batting: RHB Bill Salinas
|
0-0: Called Strike 0-1: Ball 1-1: Ball 2-1: Ground out 4-3 (Groundball, 4S) Pat Greene scores Alec Bowers to third Josh Martin to second
|
Batting: RHB Rob Palmer
|
0-0: Ball 1-0: Ball 2-0: Foul Ball, location: 2F 2-1: Ball 3-1: Reached on error, E5 (Groundball, 5) Alec Bowers scores Josh Martin to third
|
Pitching: RHP Tracy O'Cannahan
|
|
Batting: RHB Burt Scott
|
0-0: Ball 1-0: Ball 2-0: Called Strike 2-1: Foul Ball, location: 2F 2-2: Ball 3-2: Foul Ball, location: 2F 3-2: Grounds into double play, 1-6-3 (Groundball, 13)
|
Bottom of the 8th over - 3 run(s), 2 hit(s), 1 error(s), 1 left on base; Fresno HS 2 - Masconomet HS 10 |
TOP OF THE 9TH |
Fresno HS Red Wings batting - Pitching for Masconomet HS Chieftans : RHP Todd Scott
|
Batting: RHB Harvey Willis
|
0-0: Ball 1-0: Foul Ball, location: 2F 1-1: Reached on error, E6 (Groundball, 6M)
|
Batting: RHB Drew Rice
|
0-0: Called Strike 0-1: Ball 1-1: Called Strike 1-2: Strikes out looking
|
Batting: RHB Adrián Velásquez
|
0-0: Ball 1-0: Foul Ball, location: 2F 1-1: Ball 2-1: Ball 3-1: Base on Balls
|
Batting: RHB Harry Payne
|
0-0: Foul Ball, location: 2F 0-1: Grounds into double play, U5-3 (Groundball, 5L)
|
Top of the 9th over - 0 run(s), 0 hit(s), 1 error(s), 1 left on base; Fresno HS 2 - Masconomet HS 10 |
|